 Dungeon Crawl Stone Soup version 0.28-a0-1389-gc726bef33b (webtiles) character file.

Game seed: 4523916359011515198

15507 Deminshera the Summoner (level 12, -1/107 HPs)
             Began as an Ogre Summoner on Jan 3, 2022.
             Was a Priest of Hepliaklqana.
             Slain by a reaper (36 damage)
             ... in a Gauntlet.
             The game lasted 00:32:51 (19863 turns).

Deminshera the Summoner (Ogre Summoner)            Turns: 19863, Time: 00:32:52

Health: -1/107     AC:  8    Str: 15    XL:     12   Next: 27%
Magic:  0/22       EV: 17    Int: 20    God:    Hepliaklqana [***...]
Gold:   1500       SH:  9    Dex:  9    Spells: 13/25 levels left

rFire   + . .      SeeInvis .   D - +4 spear (venom)
rCold   + + .      Faith    .   r - +0 kite shield
rNeg    . . .      Spirit   .   a - +1 robe
rPois   +          Reflect  .   G - +0 hat
rElec   +          Harm     .   v - +2 cloak
rCorr   +          Rampage  .   (gloves unavailable)
Will    +....      NoTele   +   (boots unavailable)
Stlth   +++.......              (no amulet)
HPRegen 0.27/turn               B - +4 ring of evasion
MPRegen 0.18/turn               c - +4 ring of evasion

@: brilliant, resistant, studying Axes
A: reduced essence, large, unfitting armour, tough skin 1, camouflage 1, cold
resistance 1, shaggy fur 1
a: Renounce Religion, Recall Ancestor, Ancestor Identity, Transference


You were in a Gauntlet.
You worshipped Hepliaklqana.
Hepliaklqana was most pleased with you.
You visited 2 branches of the dungeon, and saw 12 of its levels.
You also visited: Gauntlet.

You collected 1500 gold pieces.

Inventory:

Hand Weapons
 p - a +4 glaive of venom
 D - a +4 spear of venom (weapon)
Armour
 a - a +1 robe (worn)
 r - a +0 kite shield (worn)
 v - a +2 cloak (worn)
 F - the +0 cloak "Kepnub" {rCorr}
   (You found it on level 8 of the Dungeon)

   rCorr:     It protects you from acid and corrosion.
 G - a +0 hat (worn)
Jewellery
 c - a +4 ring of evasion (right hand)
 d - a ring of willpower
 f - a ring of positive energy
 s - a ring of protection from fire
 B - a +4 ring of evasion (left hand)
 H - an amulet of guardian spirit
Wands
 e - a wand of mindburst (16)
 j - a wand of charming (13)
 x - a wand of flame (32)
Scrolls
 g - a scroll of fear
 k - 3 scrolls of vulnerability
 m - a scroll of silence
 o - 2 scrolls of immolation
 q - a scroll of torment
 u - 2 scrolls of summoning
 w - 3 scrolls of teleportation
 E - a scroll of fog
Potions
 b - 2 potions of mutation
 h - 2 potions of brilliance
 i - a potion of might {unknown}
 l - a potion of berserk rage
 n - a potion of lignification {unknown}
 A - a potion of flight {unknown}


   Skills:
 - Level 8.0 Fighting
 - Level 4.0 Polearms
 - Level 2.0 Dodging
 - Level 2.0 Stealth
 + Level 8.3 Shields
 - Level 7.0 Spellcasting
 - Level 10.0 Summonings
 - Level 3.0 Translocations
 - Level 7.0 Air Magic
 - Level 7.0 Invocations


You had 13 spell levels left.
You knew the following spells:

 Your Spells              Type           Power      Damage    Failure   Level
a - Summon Small Mammal   Summ           100%       N/A       1%          1
b - Blink                 Tloc           56%        N/A       4%          2
c - Call Canine Familiar  Summ           63%        N/A       1%          3
d - Summon Lightning Spi  Summ/Air       57%        N/A       3%          4
e - Call Imp              Summ           63%        N/A       1%          2

Your spell library contained the following spells:

 Spells                   Type           Power      Damage    Failure   Level
 Swiftness                Air            51%        N/A       1%          3
 Corpse Rot               Necr/Air       62%        N/A       3%          2
 Poisonous Vapours        Pois/Air       62%        N/A       3%          2
 Summon Guardian Golem    Hex/Summ       40%        N/A       4%          3
 Gell's Gravitas          Tloc           28%        N/A       10%         3
 Lesser Beckoning         Tloc           28%        N/A       10%         3
 Teleport Other           Tloc           28%        N/A       10%         3
 Foxfire                  Conj/Fire      40%        2x1d6     11%         1
 Freeze                   Ice            40%        1d6       11%         1
 Mephitic Cloud           Conj/Pois/Air  24%        N/A       13%         3
 Ensorcelled Hibernation  Hex/Ice        20%        N/A       16%         2
 Passwall                 Tmut/Erth      8%         N/A       16%         2
 Scorch                   Fire           20%        2d6       16%         2
 Conjure Flame            Conj/Fire      10%        6-21      32%         3
 Frozen Ramparts          Ice            20%        1d4       32%         3
 Ignite Poison            Fire/Tmut/Pois 10%        N/A       32%         3
 Inner Flame              Hex/Fire       10%        N/A       32%         3
 Ozocubu's Armour         Ice            10%        N/A       32%         3
 Spider Form              Tmut/Pois      10%        N/A       32%         3
 Flame Wave               Conj/Fire      10%        2d5       71%         4
 Hailstorm                Conj/Ice       10%        3d5       71%         4
 Olgreb's Toxic Radiance  Pois           10%        N/A       71%         4
 Freezing Cloud           Conj/Ice/Air   12%        6-21      75%         5
 Malign Gateway           Summ/Tloc      24%        N/A       99%         7
 Eringya's Noxious Bog    Tmut/Pois      5%         N/A       100%        6
 Ozocubu's Refrigeration  Ice            5%         4d6       100%        7


Dungeon Overview and Level Annotations

Branches:
Dungeon (11/15)            Temple (1/1) D:4            Lair (0/6) D:11
    Orc (0/2) D:10        Gauntlet (1/1)

Altars:
Ashenzari
Cheibriados
Dithmenos
Elyvilon
Fedhas
Gozag
Hepliaklqana
Kikubaaqudgha
Makhleb
Nemelex Xobeh
Okawaru
Qazlal
Ru
Sif Muna
Trog
Uskayaw
Vehumet
Wu Jian
Xom
Yredelemnul
Zin
The Shining One

Shops:
D:10 (

Annotations:
D:11 Erica Gauntlet 11 transporters, 2 runed translucent doors


Innate Abilities, Weirdness & Mutations

Your life essence is reduced to manifest your ancestor. (-10% HP)
You are too large for most types of armour.
You have tough skin. (AC +1)
Your skin changes colour to match your surroundings (Stealth+).
Your flesh is cold resistant. (rC+)
You are covered in fur. (AC +1)


Message History

Your lightning spire disappears in a puff of smoke!
The hellwing hits you.
The hellwing hits you but does no damage.
You block the hellwing's attack. The hellwing completely misses you.
Casting: Summon Lightning Spire (dangerous; 3% risk of failure)
Confirm with . or Enter, or press ? or * to list all spells.
The hellwing hits you! You block the hellwing's attack.
Your hound bites the reaper but does no damage.
Casting: Call Canine Familiar (safe; 1% risk of failure)
Confirm with . or Enter, or press ? or * to list all spells.
A beastly little devil appears in a puff of flame.
Your hound closely misses the reaper.
The reaper hits you from afar with a +2 vorpal scythe!!
The hellwing barely misses you. You block the hellwing's attack.
Your hound bites the reaper but does no damage.
Casting: Call Imp (safe; 1% risk of failure)
Confirm with . or Enter, or press ? or * to list all spells.
You blink.
Your crimson imp barely misses the hellwing.
Casting: Blink (safe; 4% risk of failure)
Confirm with . or Enter, or press ? or * to list all spells.
You don't have enough magic to cast this spell.
Casting: Blink (safe; 4% risk of failure)
Confirm with . or Enter, or press ? or * to list all spells.
A beastly little devil appears in a puff of flame.
Your crimson imp disappears in a puff of smoke!
Your hound bites the reaper but does no damage.
The hellwing hits your hound. The hellwing hits your hound!
You feel protected.
Your hound misses the reaper. You block the reaper's attack.
You feel clever all of a sudden.
Your hound misses the reaper. You block the reaper's attack.
The hellwing closely misses your hound. The hellwing hits your hound.
Your hound bites the reaper but does no damage.
Casting: Call Imp (safe; 1% risk of failure)
Confirm with . or Enter, or press ? or * to list all spells.
You feel a surge of power!
An electric hum fills the air.
You feel stable enough to blink again.
The reaper hits you from afar with a +2 vorpal scythe!!!
You die...

#.#..≈#.#..#..≈# #≈..#..#...#3..#
#.#.©≈#©#©.#..## ##..#.©#####.###
#.#..≈#.#..#..≈###≈..#..#.....#3#
#.#+###.#..#..##§##..#..#.#####(#
#.......#..#.........#..#.....[?#
#########..#.........#..#########
........#..###########..#........
#########..#.........#..#########
#.......#..#4##5@^##.#..#...##..#
#..#.#.!#..#.#8#.#.#?#..###...#.#
#..#.#.h#..#..##2##.[#..#x.#..#$#
#..#©#.S#©©#..#.h.#.©#©©#..#©#!©#
#..#.#.}#..#..##4##..#..#.#..#[.#
#..#.#..#..#.#.#.#.#[#..#.#...###
#.......#..#.##..^##.#..#..##.xX#
#########..#.^8......#..#########
........#..###########..#........


You could see a reaper (ally target), a hellwing, a friendly lightning spire
(summoned), a friendly hound (summoned) and a friendly crimson imp (summoned).

Vanquished Creatures
  Gastronok (D:10)
  A two-headed ogre (D:9)
  A deep troll (shapeshifter) (Gauntlet)
  A deep elf pyromancer (D:9)
  A wolf spider (D:11)
  A meliai (D:9)
  A steam dragon (D:9)
  A warg (shapeshifter) (Gauntlet)
  An acid dragon (D:9)
  3 orc warriors (D:10)
  An ogre (D:6)
  A necrophage (D:4)
  A lemure (D:7)
  A bullfrog (D:9)
  A gnoll sergeant (D:10)
  A scorpion (D:5)
  4 killer bees
  3 wights (D:8)
  A howler monkey (D:9)
  A jelly (D:6)
  An orc priest (D:10)
  An iguana (D:7)
  Jessica (D:2)
  An adder (D:2)
  A gnoll (D:5)
  A shadow imp (D:4)
  A worm (D:2)
  A dart slug (D:4)
  13 orcs
  2 endoplasms
  A giant cockroach (D:1)
  4 goblins
  2 hobgoblins
  A jackal (D:3)
  4 quokkas
  4 ball pythons
  A bat (D:2)
  2 frilled lizards
  A kobold (D:3)
  3 rats
73 creatures vanquished.

Vanquished Creatures (collateral kills)
  A two-headed ogre (D:10)
  A death knight (D:9)
  Pikel (D:7)
  A deep elf pyromancer (D:9)
  A cyclops (D:9)
  A gargoyle (D:10)
  A komodo dragon (D:9)
  A troll (D:10)
  2 meliai (D:9)
  A hornet (D:8)
  A merfolk (shapeshifter) (D:9)
  Grinder (D:3)
  Prince Ribbit (D:7)
  5 slime creatures (D:9)
  A shadow (D:9)
  Sigmund (D:2)
  2 wyverns (D:9)
  3 yaks (D:9)
  2 steam dragons
  2 vampire mosquitoes (D:11)
  An acid dragon (D:6)
  2 water moccasins
  An ice beast (D:6)
  3 orc warriors (D:10)
  A necrophage (D:5)
  The ghost of Stonecrops the Shield-Bearer, an amateur FoFi (D:4)
  2 centaurs (D:9)
  2 ogres
  2 lemures (D:7)
  A phantom (D:5)
  3 nameless horrors
  A kobold brigand (D:9)
  4 bullfrogs
  2 gnoll sergeants
  2 scorpions (D:4)
  8 killer bees
  7 wights
  4 howler monkeys
  3 centaur zombies
  A hound (D:6)
  2 jellies
  A gnoll shaman (D:4)
  4 orc priests
  Terence (D:2)
  3 iguanas
  9 orc wizards
  A howler monkey zombie (D:7)
  12 gnolls
  2 adders
  A white imp (D:6)
  A worm (D:3)
  2 dart slugs
  31 orcs
  An endoplasm (D:1)
  3 goblins
  7 hobgoblins
  3 jackals
  A quokka (D:4)
  6 ball pythons
  A bat (D:1)
  2 frilled lizards (D:2)
  6 kobolds
  2 rats
183 creatures vanquished.

Vanquished Creatures (others)
  9 hexers
  2 ancestors
11 creatures vanquished.

Grand Total: 267 creatures vanquished

Notes
Turn   | Place    | Note
-------+----------+-------------------------------------------
     0 | D:1      | Deminshera the Ogre Summoner began the quest for the Orb.
     0 | D:1      | Reached XP level 1. HP: 16/16 MP: 3/3
   851 | D:1      | Reached XP level 2. HP: 12/24 MP: 5/5
  1722 | D:1      | Learned a level 2 spell: Call Imp
  1830 | D:1      | You fall into a shaft and drop 1 floor!
  2326 | D:2      | Reached XP level 3. HP: 12/31 MP: 2/7
  2587 | D:2      | Noticed Jessica
  2602 | D:2      | Killed Jessica
  2603 | D:2      | Reached skill level 4 in Summonings
  2603 | D:2      | Reached XP level 4. HP: 32/39 MP: 6/9
  2729 | D:2      | Noticed Sigmund
  2748 | D:2      | Killed Sigmund
  2749 | D:2      | Reached XP level 5. HP: 23/45 MP: 8/12
  3102 | D:2      | Found a faded altar of an unknown god.
  3122 | D:2      | Reached skill level 5 in Summonings
  3135 | D:2      | Noticed Terence
  3148 | D:2      | Killed Terence
  3149 | D:2      | Reached XP level 6. HP: 8/53 MP: 13/13
  3737 | D:2      | Identified a scroll of acquirement
  3737 | D:2      | Acquired 607 gold pieces
  4112 | D:2      | Learned a level 3 spell: Call Canine Familiar
  4117 | D:2      | Learned a level 4 spell: Summon Lightning Spire
  4244 | D:3      | Noticed Grinder
  4258 | D:3      | Killed Grinder
  4259 | D:3      | Reached skill level 5 in Spellcasting
  4259 | D:3      | Reached XP level 7. HP: 36/59 MP: 9/14
  5270 | D:4      | Reached skill level 6 in Summonings
  6063 | D:4      | Found a staircase to the Ecumenical Temple.
  6099 | D:4      | Gained mutation: You are covered in fur. (AC +1) [potion of
                  | mutation]
  6099 | D:4      | Gained mutation: You have hidden genetic potential. [potion
                  | of mutation]
  6182 | D:4      | Reached XP level 8. HP: 24/67 MP: 9/15
  6453 | Temple   | Entered the Ecumenical Temple
  6615 | Temple   | Became a worshipper of Hepliaklqana the Forgotten
  6669 | D:4      | Found a runed translucent door.
  6696 | D:4      | Noticed Stonecrops's ghost (amateur FoFi)
  7214 | D:4      | Found a shadowy altar of Dithmenos.
  7495 | D:4      | Killed Stonecrops's ghost
  7711 | D:5      | Entered Level 5 of the Dungeon
  8077 | D:5      | Reached skill level 5 in Air Magic
  8082 | D:5      | Gained mutation: Your flesh is cold resistant. (rC+)
                  | [hidden potential]
  8119 | D:5      | Reached skill level 7 in Summonings
  8611 | D:5      | Found a shimmering blue altar of Sif Muna.
  8647 | D:5      | Reached * piety under Hepliaklqana
  9015 | D:6      | Reached XP level 9. HP: 51/66 MP: 11/18
  9808 | D:6      | Found a stormy altar of Qazlal.
  9887 | D:6      | Gained mutation: Your skin changes colour to match your
                  | surroundings (Stealth+). [hidden potential]
  9887 | D:6      | Lost mutation: You have hidden genetic potential. [hidden
                  | potential expressed]
 10296 | D:6      | Reached skill level 8 in Summonings
 10849 | D:7      | Noticed Prince Ribbit
 10856 | D:7      | Killed Prince Ribbit
 11038 | D:7      | Reached skill level 1 in Fighting
 11447 | D:7      | Noticed Pikel
 11491 | D:7      | Killed Pikel
 11696 | D:7      | Reached ** piety under Hepliaklqana
 11697 | D:7      | Remembered your ancestor Taribatum as a hexer
 11937 | D:7      | Got An Early Guide to Magic
 11943 | D:7      | Learned a level 2 spell: Blink
 12014 | D:8      | Reached skill level 1 in Translocations
 12014 | D:8      | Reached XP level 10. HP: 55/89 MP: 15/20
 12416 | D:8      | Paralysed by a hornet for 1 turns
 12421 | D:8      | Reached skill level 1 in Polearms
 13168 | D:8      | Identified the +0 cloak "Kepnub" {rCorr}
 13281 | D:8      | Found an opulent altar of Gozag.
 14195 | D:9      | Noticed a death knight
 14210 | D:9      | Killed a death knight
 14211 | D:9      | Reached skill level 1 in Invocations
 14746 | D:9      | Found a snail-covered altar of Cheibriados.
 14747 | D:9      | Found a glowing golden altar of the Shining One.
 14928 | D:9      | Reached skill level 9 in Summonings
 14933 | D:9      | Reached XP level 11. HP: 51/99 MP: 15/21
 15341 | D:9      | Reached skill level 5 in Invocations
 16278 | D:9      | Reached *** piety under Hepliaklqana
 16332 | D:9      | Reached skill level 1 in Shields
 16394 | D:9      | Noticed a two-headed ogre
 16413 | D:9      | Killed a two-headed ogre
 16465 | D:9      | Noticed a deep elf pyromancer
 16472 | D:9      | Found an ornate altar of the Wu Jian Council.
 16479 | D:9      | Killed a deep elf pyromancer
 16480 | D:9      | Reached skill level 10 in Summonings
 16562 | D:9      | Noticed a deep elf pyromancer
 16568 | D:9      | Killed a deep elf pyromancer
 16596 | D:9      | Noticed a cyclops
 16606 | D:9      | Killed a cyclops
 16865 | D:9      | Got the Disquisition on Warped Poison
 16962 | D:10     | Entered Level 10 of the Dungeon
 17174 | D:10     | Found Faoxt's Weapon Emporium.
 17188 | D:10     | Found a staircase to the Orcish Mines.
 17339 | D:10     | Noticed Gastronok
 17370 | D:10     | Killed Gastronok
 17371 | D:10     | Reached skill level 5 in Shields
 17900 | D:10     | Noticed a two-headed ogre
 17914 | D:10     | Killed a two-headed ogre
 17915 | D:10     | Reached XP level 12. HP: 93/107 MP: 6/22
 18846 | D:11     | Noticed Erica
 18851 | D:11     | Noticed a boulder beetle
 18889 | D:11     | Found a gate leading to a gauntlet.
 18890 | D:11     | HP: 4/107 [orc priest/divine providence (11)]
 18893 | Gauntlet | Entered a Gauntlet
 18893 | Gauntlet | Found a transporter.
 18893 | Gauntlet | Found a transporter.
 19364 | Gauntlet | Found a transporter.
 19380 | Gauntlet | Noticed a reaper
 19382 | Gauntlet | Found a transporter.
 19382 | Gauntlet | Found a transporter.
 19382 | Gauntlet | Found a transporter.
 19384 | Gauntlet | Found a transporter.
 19384 | Gauntlet | Found a transporter.
 19396 | Gauntlet | Found a transporter.
 19412 | Gauntlet | Found a transporter.
 19412 | Gauntlet | Noticed a thrashing horror
 19421 | Gauntlet | Found a transporter.
 19425 | Gauntlet | Found a runed translucent door.
 19439 | Gauntlet | Found a transporter.
 19456 | Gauntlet | Found a transporter.
 19464 | Gauntlet | Found a runed translucent door.
 19464 | Gauntlet | Found a runed translucent door.
 19468 | Gauntlet | Found a transporter.
 19863 | Gauntlet | Slain by a reaper

Illustrated notes

Levels and vault maps discovered:
D:1:      amcnicky_arrival_blooded_trapdoor, layout_rooms
D:2:      layout_basic, shapermc_ecumenical_altar_gd, grunt_ministairs_6,
          uniq_terence, uniq_sigmund, uniq_jessica
D:3:      layout_basic, uniq_grinder
D:4:      layout_cave_pods, nicolae_dithmenos_through_a_glass_darkly,
          temple_doors_e, ebering_ghost_sewer_d, minmay_manual_mandibuliform
D:5:      layout_loops_ring, mainiacjoe_overflow_tiny_flanked
D:6:      layout_basic, nicolae_qazlal_general_emergency,
          serial_co_window_serial, co_window_paths_a, co_window_paths_b,
          co_window_of_opportunity_a, co_window_corner_a, co_window_corner_a,
          co_window_corner_a, co_window_paths_a, co_window_paths_a,
          co_window_of_opportunity_a, co_window_broadway_a, co_window_corner_ca,
          co_window_unsneaky_path_d, co_window_4corner_a, glass_columns_a
D:7:      layout_basic, hangedman_abyss_or_decor_jellyfish_corner,
          uniq_prince_ribbit1, uniq_pikel
D:8:      layout_loops_ring, grunt_gozag_breadcrumbs
D:9:      minmay_the_grid_octo_tiled_squarecenter
          [minmay_the_grid_octo_tetromino_candy, minmay_the_grid_octo_chip,
          minmay_the_grid_octo_vomiting_pacman, minmay_the_grid_octo_horde,
          minmay_the_grid_square_5x5_megaprize_crossed,
          minmay_the_grid_square_5x5_moneybag,
          minmay_the_grid_square_5x5_inner_z, minmay_the_grid_square_5x5_three,
          minmay_the_grid_square_5x5_pentomino_r], layout_cave_pods,
          mainiacjoe_overflow_divided_tiny, special_room [special_room_orc],
          hangedman_glass_teeth
D:10:     layout_loops_ring, orc_david_3, serial_shops, nicolae_square_shop,
          uniq_gastronok
D:11:     layout_cave_pools, erik_lair_dragon, gauntlet_entry_generic,
          grunt_tough_drop, uniq_erica
Temple:   nicolae_temple_elliptical
Gauntlet: gammafunk_gauntlet_mixed_choke_point
          [minmay_gauntlet_arena_77_tiled_triplets,
          minmay_gauntlet_arena_77_chump_sandwich,
          minmay_gauntlet_arena_77_shame_cube, gammafunk_gauntlet_arena_corners,
          minmay_gauntlet_arena_77_terracotta_army,
          minmay_gauntlet_arena_77_squiggly, minmay_gauntlet_arena_77_path,
          gauntlet_exit_hidden_loot]

Skill      XL: |  1  2  3  4  5  6  7  8  9 10 11 12 |
---------------+-------------------------------------+-----
Dodging        | 2 |  2.0
Spellcasting   | 3 4 5 6 7 |  7.0
Stealth        | 2 |  2.0
Summonings     | 4 5 6 7 8 9 10 | 10.0
Air Magic      | 2 4 5 7 |  7.0
Fighting       | 6 8 |  8.0
Translocations | 1 3 |  3.0
Polearms       | 4 |  4.0
Invocations    | 4 7 |  7.0
Shields        | 6 8 |  8.3

Action                   |  1- 3 |  4- 6 |  7- 9 | 10-12 || total
-------------------------+-------+-------+-------+-------++-------
Melee: Unarmed           |    46 |       |       |       ||    46
       Short sword       |    24 |    49 |   216 |     4 ||   293
       Spear             |       |       |       |   247 ||   247
 Cast: Summon Small Mamm |    12 |     3 |     2 |     3 ||    20
       Call Imp          |     9 |     6 |     6 |    15 ||    36
       Call Canine Famil |       |     3 |    27 |    27 ||    57
       Summon Lightning  |       |       |    35 |    57 ||    92
       Blink             |       |       |     1 |     4 ||     5
Invok: Ancestor Life: He |       |       |     1 |       ||     1
       Recall Ancestor   |       |       |       |     3 ||     3
  Use: Potion            |       |     2 |     1 |     5 ||     8
       Scroll            |       |     6 |     2 |    13 ||    21
 Stab: Sleeping          |       |     1 |     4 |       ||     5
       Distracted        |       |     1 |     5 |     9 ||    15
       Confused          |       |       |     1 |     1 ||     2
Armor: Robe              |    28 |    22 |    82 |    42 ||   174
Dodge: Dodged            |    30 |    32 |   130 |   165 ||   357
Block: Kite shield       |       |       |       |    32 ||    32

Table legend: (Time is in decaauts)
 A = Elapsed time spent in this place.
 B = Non-inter-level travel time spent in this place.
 C = Inter-level travel time spent in this place.
 D = Time resting spent in this place.
 E = Time spent auto-exploring this place.
 F = Levels seen in this place.
 G = Mean time per level.
                   A        B        C        D        E       F      G
               +--------+--------+--------+--------+--------+-----+--------+
         Total |  19888 |  19442 |    446 |   9615 |   7279 |  13 | 1529.8 |
       Dungeon |  18711 |  18299 |    412 |   9053 |   6883 |  11 | 1701.0 |
        Temple |    197 |    163 |     34 |      0 |    135 |   1 |  197.0 |
      Gauntlet |    979 |    979 |      0 |    562 |    261 |   1 |  979.0 |
               +--------+--------+--------+--------+--------+-----+--------+

Top non-repeatable levels by time:
     D:9: 3272 daAuts
     D:4: 2514 daAuts
     D:1: 2167 daAuts
     D:6: 2006 daAuts
     D:2: 1956 daAuts
    D:10: 1772 daAuts
     D:8: 1683 daAuts
     D:7: 1205 daAuts
     D:5: 1079 daAuts
Gauntlet: 979 daAuts
     D:3: 900 daAuts
  Temple: 197 daAuts
    D:11: 154 daAuts
